 Dungeon Crawl Stone Soup version 0.30-a0-949-g53dc5368d7 (webtiles) character file.

Game seed: 13813503271885238031

1509 2tousent the Shooter (level 8, -4/71 HPs)
             Began as a Hill Orc Hunter on Mar 27, 2023.
             Was an Initiate of Fedhas.
             Slain by a bullfrog (7 damage)
             ... on level 7 of the Dungeon.
             The game lasted 00:07:45 (5527 turns).

2tousent the Shooter (Hill Orc Hunter)              Turns: 5527, Time: 00:07:45

Health: -4/71      AC:  5    Str: 14    XL:     8   Next: 82%
Magic:  8/8        EV: 13    Int:  9    God:    Fedhas [......]
Gold:   475        SH:  0    Dex: 16    Spells: 7/7 levels left

rFire   + . .      SeeInvis +    a - +1 shortbow
rCold   x . .      Faith    .    (shield currently unavailable)
rNeg    . . .      Spirit   .    c - +1 leather armour
rPois   .          Reflect  .    (no helmet)
rElec   .          Rampage  .    (no cloak)
rCorr   .                        (no gloves)
Will    .....                    n - +0 pair of boots
Stlth   +                        (no amulet)
HPRegen 0.31/turn                d - ring of fire
MPRegen 0.11/turn                g - ring of see invisible

@: flying
A: no striking features
a: Renounce Religion


You were on level 7 of the Dungeon.
You worshipped Fedhas.
Fedhas was noncommittal.
You visited 2 branches of the dungeon, and saw 8 of its levels.

You collected 475 gold pieces.

Inventory:

Hand Weapons
 a - a +1 shortbow (weapon)
Missiles
 o - 2 throwing nets
Armour
 c - a +1 leather armour (worn)
 n - a +0 pair of boots (worn)
Jewellery
 d - a ring of fire (left hand)
 e - a +6 ring of strength
 f - a +6 ring of strength
 g - a ring of see invisible (right hand)
 q - an amulet of faith
Scrolls
 b - 2 scrolls of immolation
 i - a scroll of enchant armour
 k - a scroll of amnesia
 r - a scroll of vulnerability
Potions
 h - 2 potions of brilliance
 l - a potion of curing
 m - a potion of flight
 p - 4 potions of might
 s - a potion of lignification {unknown}


   Skills:
 + Level 6.7 Fighting
 * Level 7.9 Ranged Weapons
 + Level 4.6 Dodging
 - Level 0.7 Stealth


You had 7 spell levels left.
You didn't know any spells.
Your spell library was empty.

Dungeon Overview and Level Annotations

Branches:
Dungeon (7/15)             Temple (1/1) D:7

Altars:
Ashenzari
Cheibriados
Elyvilon
Fedhas
Kikubaaqudgha
Nemelex Xobeh
Okawaru
Qazlal
Ru
Sif Muna
Trog
Uskayaw
Vehumet
Xom
Zin
The Shining One

Annotations:
Temple 2 transporters


Message History

* * * LOW HITPOINT WARNING * * *
The kobold brigand hits you with a +0 dagger.
* * * LOW HITPOINT WARNING * * *
The bullfrog barely misses you.
Fire: a) +1 shortbow
Press: ? - help, Q - select action, (/) - cycle Shift-Dir - straight line, f/p - kobold brigand
Aim: a kobold brigand, wielding a +0 dagger, quivering poisoned darts and carrying a wand of roots (2) (severely wounded, 61% to hit)
You shoot an arrow.
The arrow closely misses the kobold brigand.
The bullfrog hits you.
* * * LOW HITPOINT WARNING * * *
The kobold brigand hits you with a +0 dagger.
* * * LOW HITPOINT WARNING * * *
The bullfrog hits you.
* * * LOW HITPOINT WARNING * * *
Fire: a) +1 shortbow
Press: ? - help, Q - select action, (/) - cycle Shift-Dir - straight line, f/p - kobold brigand
Aim: a kobold brigand, wielding a +0 dagger, quivering poisoned darts and carrying a wand of roots (2) (severely wounded, 61% to hit)
You shoot an arrow. The arrow hits the kobold brigand.
The kobold brigand is almost dead.
The kobold brigand hits you with a +0 dagger.
* * * LOW HITPOINT WARNING * * *
The bullfrog hits you.
* * * LOW HITPOINT WARNING * * *
The kobold brigand barely misses you. The bullfrog hits you.
* * * LOW HITPOINT WARNING * * *
Fire: a) +1 shortbow
Press: ? - help, Q - select action, (/) - cycle Shift-Dir - straight line, f/p - kobold brigand
Aim: a kobold brigand, wielding a +0 dagger, quivering poisoned darts and carrying a wand of roots (2) (almost dead, 61% to hit)
You shoot an arrow.
The arrow completely misses the kobold brigand.
The bullfrog barely misses you. The kobold brigand barely misses you.
Unknown command.
Unknown command.
It was a potion of flight.
You feel very buoyant.
You fly up into the air.
The bullfrog closely misses you. The bullfrog hits you!
You die...
Fedhas appreciates your contribution to the ecosystem.

........####...## ##..## ##.##
................#.# #...#######
#......##.........####........#
.......###......####............
.......# #......# #.##.........
##......#..###.)####.###########
##.......###....#§...☼#
#.......##....K#.....###
.............F@..._....# ..
......#.#.....#.# .....
###§...°#.# ...) ###.###.#######
..... ####.(#.......<.## ..
...#....#(..######... .
............## ###.
#...........# ## #...........##
#


You could see a kobold brigand and a bullfrog.

Vanquished Creatures
  2 water moccasins
  2 black bears (D:6)
  An ice beast (D:6)
  3 ogres (D:5)
  2 bullfrogs (D:6)
  A scorpion (D:4)
  A jelly (D:6)
  4 hounds
  An orc priest (D:7)
  Jessica (D:3)
  A gnoll bouda (D:4)
  2 iguanas (D:5)
  A sleepcap (D:6)
  An orc wizard (D:3)
  9 gnolls
  5 adders
  A shadow imp (D:5)
  2 ufetubi
  4 worms
  14 orcs
  5 bats
  4 endoplasms
  A giant cockroach (D:4)
  6 goblins
  7 hobgoblins
  10 jackals
  A quokka (D:1)
  10 ball pythons
  2 frilled lizards
  12 kobolds
  4 rats
120 creatures vanquished.

Notes
Turn   | Place    | Note
-------+----------+-------------------------------------------
     0 | D:1      | 2tousent the Hill Orc Hunter began the quest for the Orb.
     0 | D:1      | Reached XP level 1. HP: 18/18 MP: 1/1
   225 | D:1      | Reached XP level 2. HP: 10/25 MP: 2/2
   461 | D:1      | Reached skill level 4 in Ranged Weapons
   779 | D:1      | Reached XP level 3. HP: 23/30 MP: 3/3
  1212 | D:2      | Reached XP level 4. HP: 38/38 MP: 4/4
  1518 | D:3      | Noticed Jessica
  1536 | D:3      | Killed Jessica
  1537 | D:3      | Reached XP level 5. HP: 29/45 MP: 5/5
  1682 | D:3      | Identified the +6 dagger "Ponimp" {flame, +Blink rCorr
                  | Str+3 Stlth+}
  2018 | D:3      | Reached skill level 5 in Ranged Weapons
  2024 | D:3      | Found a shimmering blue altar of Sif Muna.
  2528 | D:4      | Reached XP level 6. HP: 52/52 MP: 6/6
  2981 | D:4      | Found a glowing golden altar of the Shining One.
  2998 | D:5      | Entered Level 5 of the Dungeon
  3040 | D:5      | Reached XP level 7. HP: 60/60 MP: 7/7
  3051 | D:5      | Found a radiant altar of Vehumet.
  3133 | D:5      | Reached skill level 5 in Fighting
  3133 | D:5      | Reached skill level 6 in Ranged Weapons
  3307 | D:5      | HP: 2/61 [iguana (2)]
  3313 | D:5      | HP: 2/61 [water moccasin (7)]
  3597 | D:5      | Found a sparkling altar of Nemelex Xobeh.
  3600 | D:5      | Found an iron altar of Okawaru.
  3818 | D:5      | Reached XP level 8. HP: 69/69 MP: 8/8
  4028 | D:6      | Reached skill level 7 in Ranged Weapons
  4613 | D:6      | Identified the +0 rapier of the Badger {spect, rPois}
  5112 | D:7      | Found an ancient bone altar of Kikubaaqudgha.
  5151 | D:7      | HP: 1/71 [killer bee (7)]
  5346 | D:7      | Found a staircase to the Ecumenical Temple.
  5356 | Temple   | Entered the Ecumenical Temple
  5356 | Temple   | Found a transporter.
  5356 | Temple   | Found a transporter.
  5365 | Temple   | Found a transporter.
  5365 | Temple   | Found a transporter.
  5381 | Temple   | Became a worshipper of Fedhas Madash
  5525 | D:7      | HP: 2/71 [bullfrog (2)]
  5527 | D:7      | Slain by a bullfrog

Illustrated notes

Levels and vault maps discovered:
D:1:      dpeg_arrival_central, layout_loops_ring
D:2:      layout_basic, dreamdust_wishing_well, kennysheep_another_room
D:3:      layout_basic, marbit_many_paths, uniq_jessica
D:4:      layout_cave_pools, kennysheep_little_box
D:5:      layout_cave_pools, overflow_temple_1_default, jmf_multi_god_temple
D:6:      layout_basic, corexii_hall_statues_u
D:7:      layout_layer_cave, nicolae_kikubaaqudgha_miasma_corner,
          minmay_temple_entry_proselytizer, nicolae_titane
Temple:   hellmonk_temple_divided_pantheon

Skill      XL: |  1  2  3  4  5  6  7  8 |
---------------+-------------------------+-----
Ranged Weapons | 4 5 6 7 |  7.9
Dodging        | 2 3 4 |  4.6
Fighting       | 3 4 5 6 |  6.7
Stealth        | |  0.7

Action                     |  1- 3 |  4- 6 |  7- 9 || total
---------------------------+-------+-------+-------++-------
   Fire: Shortbow          |   110 |   162 |   193 ||   465
    Use: Scroll            |     3 |       |    10 ||    13
         Potion            |       |       |    10 ||    10
 Armour: Leather armour    |    13 |    20 |    21 ||    54
  Dodge: Dodged            |    53 |    72 |   121 ||   246

Table legend: (Time is in decaauts)
 A = Elapsed time spent in this place.
 B = Non-inter-level travel time spent in this place.
 C = Inter-level travel time spent in this place.
 D = Time resting spent in this place.
 E = Time spent auto-exploring this place.
 F = Levels seen in this place.
 G = Mean time per level.
                   A        B        C        D        E       F      G
               +--------+--------+--------+--------+--------+-----+--------+
         Total |   5648 |   5490 |    158 |    578 |   4047 |   8 |  706.0 |
       Dungeon |   5611 |   5462 |    149 |    578 |   4034 |   7 |  801.6 |
        Temple |     36 |     27 |      9 |      0 |     13 |   1 |   36.0 |
               +--------+--------+--------+--------+--------+-----+--------+

Top non-repeatable levels by time:
     D:6: 1172 daAuts
     D:1: 950 daAuts
     D:5: 930 daAuts
     D:3: 910 daAuts
     D:4: 649 daAuts
     D:2: 572 daAuts
     D:7: 426 daAuts
  Temple: 36 daAuts
